 Dungeon Crawl Stone Soup version 0.29.0-15-g675c0067aa (webtiles) character file.

Game seed: 921130645817364369

122300 Querens the Eclecticist (level 16, -3/88 HPs)
             Began as a Deep Elf Conjurer on Sept 10, 2022.
             Was the Champion of Vehumet.
             Slain by a ghost moth (11 damage)
             ... on level 4 of the Spider Nest on Sept 11, 2022.
             The game lasted 02:00:59 (14257 turns).

Querens the Eclecticist (Deep Elf Conjurer)        Turns: 14257, Time: 02:01:00

Health: -3/88      AC: 14    Str:  3 (4)  XL:     16   Next: 34%
Magic:  0/51       EV: 11    Int: 35      God:    Vehumet [******]
Gold:   1259       SH:  5    Dex: 13 (17) Spells: 26/55 levels left

rFire   + . .      SeeInvis +   a - +4 long sword "Opsyih" {vorpal, rPois rF+ rC+}
rCold   + + .      Faith    .   N - +0 buckler {rC+}
rNeg    + . .      Spirit   .   y - +6 Cigotuvi's embrace {rMiasma Drain rN+}
rPois   +          Reflect  .   h - +0 helmet of the Maze {Rampage Int-3 Dex+4 SInv}
rElec   .          Harm     .   Q - +0 cloak
rCorr   .          Rampage  +   D - +1 pair of gloves
Will    +....                   W - +0 pair of boots
Stlth   +++.......              q - amulet of magic regeneration
HPRegen 0.24/turn               F - ring of magical power
MPRegen 0.72/turn               O - +6 ring of intelligence

@: about to teleport, spiked
A: no striking features
a: Renounce Religion


You were on level 4 of the Spider Nest.
You worshipped Vehumet.
Vehumet was exalted by your worship.
You visited 5 branches of the dungeon, and saw 22 of its levels.
You also visited: Sewer, Bailey and Ice Cave.

You collected 1896 gold pieces.
You spent 637 gold pieces at shops.

Inventory:

Hand Weapons
 a - the +4 long sword "Opsyih" (weapon) {vorpal, rPois rF+ rC+}
   (You found it on level 5 of the Lair of Beasts)

   It inflicts extra damage upon your enemies.
   rF:        It protects you from fire.
   rC:        It protects you from cold.
   rPois:     It protects you from poison.
Armour
 h - the +0 helmet of the Maze (worn) {Rampage Int-3 Dex+4 SInv}
   (You bought it in a shop on level 2 of the Orcish Mines)

   Int:       It affects your intelligence (-3).
   Dex:       It affects your dexterity (+4).
   SInv:      It lets you see invisible.
   Rampage:   It bestows one free step when moving towards enemies.
 y - the +6 Cigotuvi's embrace (worn) {rMiasma Drain rN+}
   (You took it off an orc in a bailey)

   It gathers nearby corpses to temporarily increase the armour it provides.
   It protects you from foul pestilence.
   rN:        It protects you from negative energy.
   Drain:     It drains your maximum health when unequipped.
 D - a +1 pair of gloves (worn)
 J - a +0 kite shield of reflection
 N - a +0 buckler of cold resistance (worn)
 Q - a +0 cloak (worn)
 T - a +2 helmet
 W - a +0 pair of boots (worn)
Magical Staves
 B - a staff of fire
 R - a staff of death
Jewellery
 i - a ring of willpower
 q - an amulet of magic regeneration (around neck)
 x - a ring of magical power
 F - a ring of magical power (left hand)
 M - the ring "Fuvomm" {rPois rC+ rN++ Dex+6}
   (You acquired it in a bailey)

   [ring of dexterity]

   Dex:       It affects your dexterity (+6).
   rC:        It protects you from cold.
   rPois:     It protects you from poison.
   rN:        It greatly protects you from negative energy.
 O - a +6 ring of intelligence (right hand)
Wands
 A - a wand of acid (6)
 X - a wand of paralysis (7)
Scrolls
 n - 9 scrolls of immolation
 o - 2 scrolls of magic mapping
 p - 6 scrolls of poison
 s - 2 scrolls of summoning
 u - 2 scrolls of teleportation
 v - 7 scrolls of enchant weapon
 w - a scroll of fear
 z - 6 scrolls of vulnerability
 C - 4 scrolls of amnesia
 I - a scroll of noise {unknown}
 L - a scroll of blinking {unknown}
 P - a scroll of fog
 S - a scroll of silence {unknown}
 U - a scroll of identify
 V - a scroll of enchant armour {unknown}
 Y - 2 scrolls of torment
Potions
 b - 4 potions of magic
 c - 3 potions of resistance
 d - 3 potions of might
 f - 2 potions of invisibility {unknown}
 g - 8 potions of curing
 j - 4 potions of brilliance
 k - 7 potions of mutation
 m - 4 potions of berserk rage {unknown}
 r - 4 potions of cancellation
 t - 2 potions of haste
 E - 4 potions of lignification
 G - 2 potions of ambrosia {unknown}
 H - 4 potions of attraction {unknown}
 Z - 2 potions of flight {unknown}
Miscellaneous
 e - a lightning rod (4/4)
 l - a condenser vane
 K - a box of beasts (inert)


   Skills:
 - Level 5.9 Fighting
 - Level 4.8 Dodging
 - Level 5.1 Stealth
 - Level 6.0 Shields
 + Level 20.0 Spellcasting
 + Level 17.4 Conjurations
 - Level 15.6 Hexes
 + Level 1.2 Summonings
 - Level 12.0 Translocations
 + Level 6.5 Fire Magic


You had 26 spell levels left.
You knew the following spells:

 Your Spells              Type           Power      Damage    Failure   Level
a - Magic Dart            Conj           100%       1d8       0%          1
b - Searing Ray           Conj           100%       2d8       0%          2
c - Iskenderun's Mystic   Conj/Tloc      95%        2d18      1%          4
d - Fulminant Prism       Conj/Hex       50%        3d23      1%          4
e - Tukima's Dance        Hex            97%        N/A       0%          3
f - Spellforged Servitor  Conj/Summ      39%        N/A       11%         7
g - Swiftness             Air            35%        N/A       7%          3
h - Fireball              Conj/Fire      43%        3d17      1%          5

Your spell library contained the following spells:

 Spells                   Type           Power      Damage    Failure   Level
 Lightning Bolt           Conj/Air       38%        1d57      1%          5
 Slow                     Hex            100%       N/A       0%          1
 Confusing Touch          Hex            97%        N/A       0%          3
 Dazzling Flash           Conj/Hex       100%       N/A       0%          3
 Freeze                   Ice            100%       1d11      1%          1
 Ensorcelled Hibernation  Hex/Ice        100%       N/A       1%          2
 Poisonous Vapours        Pois/Air       70%        N/A       1%          2
 Scorch                   Fire           100%       2d10      1%          2
 Frozen Ramparts          Ice            70%        1d11      1%          3
 Portal Projectile        Hex/Tloc       100%       N/A       1%          3
 Flame Wave               Conj/Fire      87%        2d19      1%          4
 Hailstorm                Conj/Ice       77%        3d16      1%          4
 Passage of Golubria      Tloc           87%        N/A       1%          4
 Yara's Violent Unravell  Hex/Tmut       37%        3d15      1%          5
 Necrotise                Necr           100%       1d9       2%          1
 Sting                    Tmut/Pois      100%       1d8       2%          1
 Metabolic Englaciation   Hex/Ice        37%        N/A       2%          5
 Passwall                 Tmut/Erth      29%        N/A       3%          2
 Sublimation of Blood     Necr           35%        N/A       3%          2
 Wereblood                Tmut           35%        N/A       3%          2
 Olgreb's Toxic Radiance  Pois           35%        N/A       6%          4
 Ozocubu's Armour         Ice            35%        N/A       7%          3
 Vampiric Draining        Necr           35%        2d8       7%          3
 Animate Dead             Necr           35%        N/A       22%         4
 Agony                    Necr           35%        N/A       52%         5
 Blade Hands              Tmut           17%        N/A       52%         5
 Borgnjor's Vile Clutch   Necr/Erth      17%        N/A       52%         5
 Summon Cactus Giant      Summ           22%        N/A       90%         6
 Death Channel            Necr           17%        N/A       98%         6
 Simulacrum               Ice/Necr       17%        N/A       98%         6
 Ozocubu's Refrigeration  Ice            17%        4d11      98%         7
 Summon Hydra             Summ           22%        N/A       100%        7


Dungeon Overview and Level Annotations

Branches:
Dungeon (10/15)            Temple (1/1) D:4            Lair (5/5) D:10
 Shoals (0/4) Lair:2       Spider (4/4) Lair:3        Slime (0/5) Lair:4
    Orc (2/2) D:9             Elf (0/3) Orc:2         Sewer (visited)
 Bailey (visited)           IceCv (visited)

Altars:
Cheibriados
Dithmenos
Elyvilon
Gozag
Hepliaklqana
Kikubaaqudgha
Makhleb
Nemelex Xobeh
Okawaru
Ru
Sif Muna
Trog
Vehumet
Wu Jian
Xom
Yredelemnul
Zin
The Shining One
Jiyva

Shops:
Orc:2 [[[=

Annotations:
Spider:3 2 transporters, exclusion: orange crystal statue, Arachne; DocSulfur's ghost, adept GrDe; michalxdhe's ghost, adept KoBe


Message History

The helpless steelbarb worm fails to defend itself.
You slash the steelbarb worm!
The steelbarb worm is moderately wounded.
The helpless steelbarb worm fails to defend itself.
You slash the steelbarb worm!
The steelbarb worm is heavily wounded.
The helpless steelbarb worm fails to defend itself.
You hit the steelbarb worm.
The steelbarb worm is severely wounded.
You carefully extract the barbed spikes from your body.
The helpless steelbarb worm fails to defend itself.
You hit the steelbarb worm but do no damage.
The steelbarb worm is severely wounded.
A chunk of your corpse armour falls away.
The ghost moth stares at you.
You feel your power leaking away.
As you read the scroll of teleportation, it crumbles to dust.
You feel strangely unstable.
The helpless steelbarb worm fails to defend itself.
You hit the steelbarb worm.
The steelbarb worm is severely wounded.
Your spellforged servitor disappears in a puff of smoke!
The steelbarb worm is no longer paralysed.
The steelbarb worm hits you!
Barbed spikes become lodged in your body.
The ghost moth stares at you.
You feel your power leaking away. The ghost moth hits you!
You feel clumsy. The ghost moth misses you. The ghost moth stings you!
* * * LOW HITPOINT WARNING * * *
You feel weakened.
The steelbarb worm hits you but does no damage.
The ghost moth hits you!
* * * LOW HITPOINT WARNING * * *
The ghost moth hits you.
* * * LOW HITPOINT WARNING * * *
You feel clumsy. The ghost moth stings you!
You die...

......#...#...#.....#..#.........
..........^......#..^#......#...#
...#..^#.#..#...##.......#....#*#
...#^...^..............#....###
.......#.....#.............##
....#......#...###.....#.###
....^.<[#......###......^#
....^..<.^#...^##w....^..#
...#^#......#...@w...^####
.......#..#.....y.....##
#...............#..#.§.## ##
....≈~........##...#....# #.
.#......#...............# #.
.##............##....#..# *#
**###....###....^.......## #
###*##....#........#.....## ##
.~.##^~.....##..#...^.....# #.


You could see a ghost moth (invisible) and 2 steelbarb worms.

Vanquished Creatures
  Nikola (Spider:4)
  Asterion (Spider:4)
  Donald (Spider:4)
  4 emperor scorpions
  3 ghost moths (Spider:4)
  2 broodmothers
  A very ugly thing (IceCv)
  6 entropy weavers
  5 dire elephants (Lair:5)
  A spark wasp (Spider:1)
  2 hydras
  2 boulder beetles
  2 caustic shrike simulacra (IceCv)
  3 jorogumos
  A centaur warrior (Orc:2)
  3 death yaks (Lair:5)
  An orc high priest (Orc:2)
  Amaemon (D:9)
  7 pharaoh ants
  A spectral anaconda (Lair:5)
  8 steelbarb worms
  2 sun moths
  5 orb spiders
  An obsidian statue (Lair:5)
  Pikel (D:6)
  3 necromancers (Lair:5)
  4 orc knights
  22 wolf spiders
  4 orc sorcerers
  2 dire elephant zombies (Lair:5)
  2 black mambas (Lair:4)
  2 moths of wrath
  10 elephants
  A torpor snail (Spider:1)
  An orange demon (D:9)
  An ice statue (Spider:1)
  A dire elephant skeleton (Lair:5)
  2 rime drakes
  17 cane toads
  9 komodo dragons
  8 demonic crawlers
  2 golden dragon simulacra (IceCv)
  4 trolls
  3 meliai (Spider:4)
  A hornet (D:9)
  A polar bear (Lair:5)
  Grinder (D:3)
  19 tarantellas
  A spectral elephant (Lair:5)
  16 jumping spiders
  10 culicivoras
  20 blink frogs
  2 dire elephant simulacra
  A wraith (D:9)
  7 wyverns
  37 yaks
  4 basilisks
  4 steam dragons
  41 redbacks
  Menkaure (D:6)
  A harpy simulacrum (IceCv)
  4 wargs
  An acid dragon (D:10)
  A spectral cane toad (Lair:5)
  A hydra simulacrum (IceCv)
  39 orc warriors
  16 water moccasins
  2 ice beasts
  5 black bears
  An alligator simulacrum (IceCv)
  13 ogres
  13 centaurs
  A lemure (D:6)
  An elephant skeleton (Lair:5)
  2 gnoll sergeants
  2 kobold brigands
  12 bullfrogs
  A scorpion (D:10)
  A cane toad simulacrum (Lair:5)
  7 wights
  3 elephant simulacra (Lair:5)
  10 electric eels
  4 hounds
  2 jellies
  9 orc priests
  6 iguanas
  18 orc wizards
  6 hell rats (Lair:4)
  Robin (D:4)
  19 gnolls
  8 adders
  3 river rats
  A shadow imp (D:5)
  A white imp (D:7)
  3 ufetubi
  3 worms
  3 dart slugs
  70 orcs
  5 ball pythons
  5 bats (D:1)
  4 endoplasms
  5 giant cockroaches
  24 goblins
  9 hobgoblins
  6 jackals (D:2)
  5 quokkas
  11 frilled lizards
  16 kobolds
  25 rats
  A butterfly (Lair:5)
739 creatures vanquished.

Vanquished Creatures (collateral kills)
  Mara (Spider:4)
  3 emperor scorpions (Spider:4)
  3 two-headed ogres
  A pharaoh ant (Spider:4)
  A steelbarb worm (Spider:4)
  An orb spider (Spider:4)
  A wolf spider (Spider:4)
  A moth of wrath (Spider:4)
  A tarantella (Spider:4)
  3 jumping spiders (Spider:4)
  3 redbacks (Spider:4)
  4 orc warriors (Orc:2)
  A centaur (D:10)
  5 orcs (Orc:2)
29 creatures vanquished.

Vanquished Creatures (others)
  A culicivora (Spider:3)
  2 redbacks (Spider:4)
  14 dancing weapons (Orc:2)
  84 fulminant prisms
  9 fungi
  48 plants
  36 withered plants (Lair:5)
194 creatures vanquished.

Grand Total: 962 creatures vanquished

Notes
Turn   | Place    | Note
-------+----------+-------------------------------------------
     0 | D:1      | Querens the Deep Elf Conjurer began the quest for the Orb.
     0 | D:1      | Reached XP level 1. HP: 10/10 MP: 6/6
    94 | D:1      | Reached XP level 2. HP: 7/15 MP: 1/8
   220 | D:1      | Found a faded altar of an unknown god.
   578 | D:1      | You fall into a shaft and drop 1 floor!
   589 | D:2      | Learned a level 2 spell: Searing Ray
   597 | D:2      | Reached XP level 3. HP: 19/19 MP: 6/10
   615 | D:2      | Reached XP level 4. HP: 24/24 MP: 2/11
   627 | D:2      | Reached skill level 4 in Spellcasting
   725 | D:2      | Reached skill level 5 in Conjurations
   995 | D:3      | Reached XP level 5. HP: 20/28 MP: 7/13
  1153 | D:3      | Noticed Grinder
  1173 | D:3      | Killed Grinder
  1174 | D:3      | Reached skill level 5 in Spellcasting
  1174 | D:3      | Reached XP level 6. HP: 22/32 MP: 3/15
  1240 | D:3      | Found an ornate altar of the Wu Jian Council.
  1280 | D:3      | Found a shimmering altar of Xom.
  1439 | D:3      | Found a sparkling altar of Nemelex Xobeh.
  1439 | D:3      | Found an opulent altar of Gozag.
  1443 | D:3      | Reached skill level 5 in Stealth
  1897 | D:4      | Found a staircase to the Ecumenical Temple.
  1908 | D:4      | Found a large runed translucent door.
  1909 | D:4      | Found a large runed translucent door.
  1916 | Temple   | Entered the Ecumenical Temple
  1920 | Temple   | Became a worshipper of Vehumet
  1974 | D:4      | Learned a level 4 spell: Iskenderun's Mystic Blast
  1979 | D:4      | Learned a level 4 spell: Fulminant Prism
  2020 | D:4      | Found a hazy altar of Hepliaklqana.
  2023 | D:4      | Found a basalt altar of Yredelemnul.
  2047 | D:4      | Noticed Robin
  2054 | D:4      | Killed Robin
  2183 | D:4      | Reached * piety under Vehumet
  2183 | D:4      | Offered knowledge of Foxfire by Vehumet.
  2184 | D:4      | Reached skill level 1 in Translocations
  2184 | D:4      | Reached XP level 7. HP: 31/36 MP: 8/17
  2238 | D:5      | Entered Level 5 of the Dungeon
  2289 | D:5      | Reached skill level 6 in Spellcasting
  2596 | D:5      | Found a white marble altar of Elyvilon.
  2609 | D:5      | Reached skill level 7 in Spellcasting
  2629 | D:5      | Reached XP level 8. HP: 41/41 MP: 11/20
  2759 | D:6      | Found a glowing drain.
  2871 | Sewer    | Entered a sewer
  2982 | Sewer    | Offered knowledge of Static Discharge by Vehumet.
  2982 | Sewer    | Reached ** piety under Vehumet
  3187 | D:6      | Reached skill level 8 in Spellcasting
  3222 | D:6      | Noticed Pikel
  3224 | D:6      | Noticed Menkaure
  3225 | D:6      | Reached skill level 5 in Translocations
  3230 | D:6      | Killed Pikel
  3231 | D:6      | Reached skill level 9 in Spellcasting
  3231 | D:6      | Reached XP level 9. HP: 34/45 MP: 22/24
  3233 | D:6      | Killed Menkaure
  3485 | D:7      | Found a glowing silver altar of Zin.
  3502 | D:7      | Offered knowledge of Mephitic Cloud by Vehumet.
  3675 | D:7      | Reached *** piety under Vehumet
  3676 | D:7      | Reached skill level 10 in Spellcasting
  3869 | D:7      | Found a flagged portal.
  3881 | Bailey   | Entered a bailey
  4012 | Bailey   | Offered knowledge of Frozen Ramparts by Vehumet.
  4049 | Bailey   | Noticed an orc knight
  4058 | Bailey   | Killed an orc knight
  4059 | Bailey   | Reached skill level 11 in Spellcasting
  4059 | Bailey   | Reached XP level 10. HP: 50/50 MP: 8/27
  4066 | Bailey   | Acquired the ring "Fuvomm" {rPois rC+ rN++ Dex+6}
  4157 | Bailey   | Reached skill level 10 in Conjurations
  4438 | Bailey   | Noticed an orc sorcerer
  4439 | Bailey   | Noticed an orc sorcerer
  4441 | Bailey   | Paralysed by an orc sorcerer for 5 turns
  4448 | Bailey   | Killed an orc sorcerer
  4450 | Bailey   | Killed an orc sorcerer
  4450 | Bailey   | Reached **** piety under Vehumet
  4472 | Bailey   | Found an iron altar of Okawaru.
  4778 | D:8      | Offered knowledge of Flame Wave by Vehumet.
  4779 | D:8      | Reached skill level 12 in Spellcasting
  5181 | D:9      | Noticed Amaemon
  5189 | D:9      | Noticed an orange demon
  5197 | D:9      | Reached ***** piety under Vehumet
  5197 | D:9      | Offered knowledge of Irradiate by Vehumet.
  5210 | D:9      | Killed an orange demon
  5211 | D:9      | Reached XP level 11. HP: 54/54 MP: 28/29
  5229 | D:9      | Killed Amaemon
  5230 | D:9      | Reached skill level 13 in Spellcasting
  5243 | D:9      | Reached skill level 10 in Translocations
  5251 | D:9      | Found a staircase to the Orcish Mines.
  5286 | D:9      | Upgraded the game from 0.29.0-13-gc9e81de378 to
                  | 0.29.0-15-g675c0067aa
  5330 | D:9      | Found a glowing golden altar of the Shining One.
  5552 | D:9      | Learned a level 3 spell: Tukima's Dance
  5594 | Orc:1    | Entered Level 1 of the Orcish Mines
  5614 | Orc:1    | Reached skill level 1 in Hexes
  5734 | Orc:2    | Entered Level 2 of the Orcish Mines
  5758 | Orc:2    | Noticed an orc high priest
  5762 | Orc:2    | Noticed an orc sorcerer
  5763 | Orc:2    | Paralysed by an orc sorcerer for 4 turns
  5768 | Orc:2    | Killed an orc high priest
  5770 | Orc:2    | Killed an orc sorcerer
  5864 | Orc:2    | Noticed a two-headed ogre
  5874 | Orc:2    | Killed a two-headed ogre
  5910 | Orc:2    | Noticed an orc knight
  5924 | Orc:2    | Killed an orc knight
  5925 | Orc:2    | Reached skill level 14 in Spellcasting
  5925 | Orc:2    | Reached skill level 5 in Hexes
  6793 | Orc:2    | Found a staircase to the Elven Halls.
  6811 | Orc:1    | Noticed an orc sorcerer
  6815 | Orc:1    | Offered knowledge of Spellforged Servitor by Vehumet.
  6816 | Orc:1    | Killed an orc sorcerer
  6890 | Orc:1    | Reached XP level 12. HP: 59/59 MP: 32/32
  7008 | Orc:2    | Noticed a centaur warrior
  7312 | Orc:2    | Killed a centaur warrior
  7472 | Orc:2    | Found Onnydorch's Antique Armour Emporium.
  7472 | Orc:2    | Found Uhyfium's Antique Armour Shop.
  7474 | Orc:2    | Found Gaittoum's Jewellery Boutique.
  7476 | Orc:2    | Found Zidwiad's Armour Shoppe.
  7485 | Orc:2    | Bought an amulet of magic regeneration for 390 gold pieces
  7499 | Orc:2    | Bought a jewelled helmet for 247 gold pieces
  7499 | Orc:2    | Identified the +0 helmet of the Maze {Rampage Int-3 Dex+4
                  | SInv} (You bought it in a shop on level 2 of the Orcish
                  | Mines)
  7718 | D:10     | Entered Level 10 of the Dungeon
  7719 | D:10     | Found a staircase to the Lair.
  7730 | D:10     | Reached skill level 15 in Spellcasting
  7748 | D:10     | Learned a level 7 spell: Spellforged Servitor
  7752 | D:10     | Noticed a two-headed ogre
  7760 | D:10     | Killed a two-headed ogre
  7921 | D:10     | Noticed a two-headed ogre
  7932 | D:10     | Killed a two-headed ogre
  7932 | D:10     | Offered knowledge of Eringya's Noxious Bog by Vehumet.
  8155 | Lair:1   | Entered Level 1 of the Lair of Beasts
  8191 | Lair:1   | Reached skill level 1 in Fighting
  8329 | Lair:1   | Reached XP level 13. HP: 66/66 MP: 34/34
  8610 | Lair:2   | Found a sacrificial altar of Ru.
  8908 | Lair:2   | Found a staircase to the Shoals.
  8912 | Lair:2   | Reached skill level 16 in Spellcasting
  9172 | Lair:3   | Reached skill level 10 in Hexes
  9192 | Lair:3   | Found a hole to the Spider Nest.
  9557 | Lair:4   | Found a viscous altar of Jiyva.
  9557 | Lair:4   | Found a staircase to the Slime Pits.
  9798 | Lair:5   | Entered Level 5 of the Lair of Beasts
 10001 | Lair:5   | Reached skill level 17 in Spellcasting
 10052 | Lair:5   | Reached ****** piety under Vehumet
 10200 | Lair:5   | Noticed a dire elephant
 10200 | Lair:5   | Noticed a dire elephant
 10200 | Lair:5   | Noticed a dire elephant
 10200 | Lair:5   | Noticed a dire elephant
 10231 | Lair:5   | Noticed a dire elephant
 10247 | Lair:5   | Killed a dire elephant
 10248 | Lair:5   | Reached skill level 5 in Fighting
 10361 | Lair:5   | Learned a level 3 spell: Swiftness
 10375 | Lair:5   | Reached XP level 14. HP: 78/78 MP: 36/37
 10376 | Lair:5   | Reached skill level 15 in Conjurations
 10740 | Lair:5   | Offered knowledge of Conjure Ball Lightning by Vehumet.
 10783 | Lair:5   | Identified the +4 long sword "Opsyih" {vorpal, rPois rF+
                  | rC+}
 10894 | Spider:1 | Entered Level 1 of the Spider Nest
 10915 | Spider:1 | Reached skill level 1 in Shields
 10925 | Spider:1 | Reached skill level 18 in Spellcasting
 11225 | Spider:1 | Found a frozen archway.
 11248 | IceCv    | Entered an ice cave
 11248 | IceCv    | Noticed a white very ugly thing
 11258 | IceCv    | Killed a white very ugly thing
 11265 | IceCv    | Found a transporter.
 11270 | IceCv    | Noticed a white very ugly thing
 11289 | IceCv    | Found a transporter.
 11467 | Spider:2 | Reached XP level 15. HP: 77/84 MP: 29/39
 11514 | Spider:2 | Noticed an emperor scorpion
 11529 | Spider:2 | Killed an emperor scorpion
 11737 | Spider:2 | Offered knowledge of Fireball by Vehumet.
 11744 | Spider:2 | Learned a level 5 spell: Fireball
 11751 | Spider:2 | You fall into a shaft and drop 1 floor!
 11756 | Spider:3 | Noticed an emperor scorpion
 11758 | Spider:3 | Noticed an emperor scorpion
 11766 | Spider:3 | HP: 4/84 [emperor scorpion (1)]
 11872 | Spider:3 | Reached skill level 1 in Fire Magic
 12316 | Spider:3 | Killed an emperor scorpion
 12371 | Spider:3 | Noticed michalxdhe's ghost (adept KoBe)
 12383 | Spider:3 | Noticed Arachne
 12386 | Spider:3 | Noticed DocSulfur's ghost (adept GrDe)
 12389 | Spider:3 | Found a transporter.
 12402 | Spider:3 | Found a transporter.
 12514 | Spider:3 | Reached skill level 19 in Spellcasting
 12750 | Spider:3 | Killed an emperor scorpion
 12927 | Spider:4 | Entered Level 4 of the Spider Nest
 12934 | Spider:4 | Noticed Asterion
 12943 | Spider:4 | Reached skill level 5 in Shields
 12952 | Spider:4 | Killed Asterion
 12959 | Spider:4 | Noticed Nikola
 12968 | Spider:4 | Offered knowledge of Lightning Bolt by Vehumet.
 12969 | Spider:4 | Noticed Mara
 13019 | Spider:4 | Noticed Donald
 13025 | Spider:4 | Reached skill level 15 in Hexes
 13033 | Spider:4 | Killed Donald
 13034 | Spider:4 | Noticed an emperor scorpion
 13040 | Spider:4 | Noticed Querens's illusion
 13099 | Spider:4 | Killed Nikola
 13100 | Spider:4 | Reached skill level 5 in Fire Magic
 13423 | Spider:4 | Noticed an emperor scorpion
 13432 | Spider:4 | Killed an emperor scorpion
 13433 | Spider:4 | Reached XP level 16. HP: 66/88 MP: 22/41
 13434 | Spider:4 | Noticed Querens's illusion
 13689 | Spider:4 | Noticed Querens's illusion
 13794 | Spider:4 | Killed Mara
 14096 | Spider:4 | Reached skill level 20 in Spellcasting
 14147 | Spider:4 | Reached skill level 1 in Summonings
 14257 | Spider:4 | Slain by a ghost moth

Illustrated notes

Levels and vault maps discovered:
D:1:      dpeg_arrival_ratfight, layout_basic, dreamdust_ecumenical_altar_grove,
          serial_rivers, chequers_serial_rivers_large_a,
          chequers_serial_rivers_micro_e, chequers_serial_rivers_room_b,
          chequers_serial_rivers_micro_b, chequers_serial_rivers_micro_c
D:2:      layout_rooms, minmay_vboxes
D:3:      layout_loops_ring, marbit_many_paths, lemuel_coloured_pillars_altar,
          grunt_temple_overflow_opulence, uniq_grinder
D:4:      layout_loops_cross, jmf_multi_god_temple2, temple_statues,
          minmay_close_crescents, uniq_robin
D:5:      layout_basic, mainiacjoe_overflow_brackets, corexii_shack
D:6:      layout_rooms, portal_sewer_entry_a, uniq_pikel, uniq_menkaure
D:7:      layout_basic, nicolae_overflow_crystal_walls, enter_bailey_2
D:8:      layout_basic, overflow_temple_1_default
D:9:      layout_cave_pools, tso_altar, david_orc_3, st_stairs_9, uniq_amaemon
D:10:     layout_gridville, minmay_lair_entry_grove
Temple:   nicolae_temple_x_marks_the_god
Lair:1:   layout_gridlike, serial_bayou_shore_a, lemuel_fruit_fields
Lair:2:   layout_chaotic_city, minmay_shoals_entry_centaurs, basic_altar
Lair:3:   layout_roguey, spider_nest_entry_webs, columned_hall_lemuel
Lair:4:   layout_small_grid, slime_entry_1, serial_bayou_ford_a,
          grunt_megastairs_5, infiniplex_staircase_pool
Lair:5:   due_jungle_book, layout_hall_layers, lemuel_fruit_fields
Spider:1: layout_spider_delve, portal_ice_cave_entry_ice_statue_one
Spider:2: layout_cave_pods
Spider:3: layout_spider_delve, nzn_ghost_randoct
Spider:4: grunt_spider_rune_circles, drop_trap, uniq_mara, uniq_donald,
          uniq_asterion, uniq_nikola
Orc:1:    layout_diamond_mine
Orc:2:    st_orc_rangers, layout_caves

Skill      XL: |  1  2  3  4  5  6  7  8  9 10 11 12 13 14 15 16 |
---------------+-------------------------------------------------+-----
Stealth        | 3 4 5 |  5.1
Dodging        | 3 4 |  4.8
Spellcasting   | 4 5 7 9 11 12 14 15 17 18 19 20 | 20.0
Conjurations   | 5 6 7 8 9 11 12 13 14 16 17 | 17.4
Translocations | 1 3 5 7 9 11 12 | 12.0
Hexes          | 5 9 11 13 15 | 15.6
Fighting       | 2 5 |  5.9
Shields        | 3 5 6 |  6.0
Fire Magic     | 5 6 |  6.5
Summonings     | 1 |  1.2

Action                   |  1- 3 |  4- 6 |  7- 9 | 10-12 | 13-15 | 16-18 || total
-------------------------+-------+-------+-------+-------+-------+-------++-------
Melee: Unarmed           |    14 |     6 |       |       |       |       ||    20
       Punch             |     1 |       |       |     1 |       |       ||     2
       Dagger            |       |    19 |    45 |     1 |       |       ||    65
       War axe           |       |       |       |    55 |     7 |       ||    62
       Long sword        |       |       |       |       |    10 |     8 ||    18
 Cast: Magic Dart        |    41 |    18 |    14 |    11 |       |       ||    84
       Searing Ray       |     2 |    34 |    50 |    28 |     4 |       ||   118
       Iskenderun's Myst |       |       |    21 |   172 |   499 |    34 ||   726
       Fulminant Prism   |       |       |     3 |    23 |    57 |     2 ||    85
       Tukima's Dance    |       |       |       |    45 |       |       ||    45
       Fireball          |       |       |       |       |     3 |    22 ||    25
       Spellforged Servi |       |       |       |       |     1 |     6 ||     7
Evoke: Wand              |       |       |     6 |     7 |    15 |    11 ||    39
       Condenser vane    |       |       |       |     1 |       |       ||     1
       Box of beasts     |       |       |       |       |     1 |     1 ||     2
  Use: Scroll            |       |     4 |     7 |     3 |     8 |     5 ||    27
       Potion            |       |       |       |     1 |     6 |       ||     7
 Stab: Sleeping          |       |     1 |     6 |       |       |       ||     7
       Distracted        |       |     1 |       |       |       |       ||     1
       Paralysed         |       |       |       |       |       |     5 ||     5
Armor: Robe              |    13 |     6 |    14 |       |       |       ||    33
       Ring mail         |       |       |     5 |     6 |       |       ||    11
       Leather armour    |       |       |       |    98 |   113 |    15 ||   226
Dodge: Dodged            |    28 |    34 |    86 |   247 |   111 |    15 ||   521
Block: Buckler           |       |       |       |       |    19 |     3 ||    22
